 Dungeon Crawl Stone Soup version 0.29.0-4-gdea44cf6ec (webtiles) character file.

Game seed: 11191723517182640182

121 qw the Sneak (level 5, -2/32 HPs)
             Began as a Gargoyle Delver on Sept 10, 2022.
             Slain by a necrophage (4 damage)
             ... on level 4 of the Dungeon.
             The game lasted 00:00:09 (393 turns).

qw the Sneak (Gargoyle Delver)                       Turns: 393, Time: 00:00:10

Health: -2/32      AC:  7    Str: 17    XL:     5   Next: 5%
Magic:  5/5        EV: 11    Int: 11    God:
Gold:   0          SH:  0    Dex: 11    Spells: 4/4 levels left

rFire   . . .      SeeInvis .   a - +0 hand axe
rCold   . . .      Faith    .   (no shield)
rNeg    + . .      Spirit   .   b - +0 leather armour
rPois   inf        Reflect  .   (no helmet)
rElec   +          Harm     .   (no cloak)
rCorr   .          Rampage  .   (no gloves)
Will    .....                   (no boots)
Stlth   +++.......              (no amulet)
HPRegen 0.10/turn               (no ring)
MPRegen 0.09/turn               (no ring)

@: no status effects
A: sickness immunity, AC +4, negative energy resistance 1, electricity
resistance, torment resistance 1, petrification resistance
a: no special abilities


You were on level 4 of the Dungeon.
You visited 1 branch of the dungeon, and saw 2 of its levels.


Innate Abilities, Weirdness & Mutations

You are immune to sickness and miasma.
Your stone body is resilient. (AC +4)
You are immune to poison.
You resist negative energy. (rN+)
You are resistant to electric shocks. (rElec)
You are resistant to unholy torment.
You are immune to petrification.


   Skills:
 - Level 3.2 Fighting
 + Level 4.6 Axes
 - Level 1.5 Dodging
 - Level 5.4 Stealth


You had 4 spell levels left.
You didn't know any spells.
Your spell library was empty.

Inventory:

Hand Weapons
 a - a +0 hand axe (weapon)
Missiles
 h - a boomerang (quivered)
Armour
 b - a +0 leather armour (worn)
Wands
 g - a wand of digging (3)
Potions
 f - a potion of haste
 i - a potion of attraction {unknown}

Dungeon Overview and Level Annotations

Branches:
Dungeon (5/15)
 Temple: D:4-7

Altars:


Message History

The necrophage is severely damaged.
You hit the gnoll. The necrophage closely misses you.
The gnoll hits you but does no damage.
You closely miss the gnoll.
The gnoll is almost dead.
You hit the necrophage but do no damage.
The necrophage hits you. The gnoll completely misses you.
A gnoll bouda comes into view. It is wielding a +0 whip.
You hit the gnoll.
You kill the gnoll!
You closely miss the necrophage. The necrophage hits you.
You have reached level 5!
You barely miss the necrophage.
The necrophage is severely damaged.
The necrophage hits you but does no damage.
The gnoll bouda barks out a call to the hunt!
The gnoll picks up the pace!
You hit the necrophage but do no damage.
The necrophage is severely damaged.
The necrophage hits you but does no damage.
The necrophage hits you.
You hit the necrophage.
The necrophage is almost destroyed.
You barely miss the gnoll. The gnoll barely misses you.
The necrophage closely misses you.
You hit the necrophage.
The necrophage is almost destroyed.
You hit the gnoll. The gnoll barely misses you.
The necrophage hits you but does no damage.
You barely miss the necrophage.
The necrophage is almost destroyed.
You hit the gnoll. The gnoll closely misses you. The necrophage hits you.
You barely miss the necrophage.
The necrophage is almost destroyed.
You hit the gnoll. You closely miss the gnoll bouda.
The gnoll barely misses you. The necrophage hits you.
You die...

#...........# ..
####...........# .....
...............####.....
........................
.....:..................
......###.........?.....
......# ####............
......# ##...#g......
####### ###.@g?.....
###n...... #......
...... ..... ..... ....
....


You could see a necrophage, a gnoll bouda and a gnoll (swift).

Vanquished Creatures
  An ogre (D:5)
  2 gnolls (D:4)
  An adder (D:5)
  An orc (D:5)
  2 endoplasms (D:4)
7 creatures vanquished.

Notes
Turn   | Place    | Note
-------+----------+-------------------------------------------
     0 | D:5      | qw the Gargoyle Delver began the quest for the Orb.
     0 | D:5      | Reached XP level 1. HP: 14/14 MP: 1/1
     0 | D:5      | 0 ||| qw: Version: 0.1-a-116-g5d60599
     0 | D:5      | 0 ||| qw: Game counter: 8125
     0 | D:5      | 0 ||| qw: Always use a shield: true
     0 | D:5      | 0 ||| qw: God list: Okawaru
     0 | D:5      | 0 ||| qw: Allow faded altars: false
     0 | D:5      | 0 ||| qw: Do Orc after D:15 true
     0 | D:5      | 0 ||| qw: Do second Lair branch before Depths: true
     0 | D:5      | 0 ||| qw: Lair rune preference: random
     0 | D:5      | 0 ||| qw: Plans: Normal
     0 | D:5      | 0 ||| PLANNING D:1-11
    10 | D:5      | Noticed an ogre
    28 | D:5      | Killed an ogre
    29 | D:5      | Reached XP level 2. HP: 11/19 MP: 2/2
    29 | D:5      | Reached XP level 3. HP: 13/23 MP: 3/3
    29 | D:5      | Reached XP level 4. HP: 16/28 MP: 4/4
   326 | D:5      | 326 ||| DROPPING scroll of fog.
   327 | D:5      | 327 ||| DROPPING scroll of magic mapping.
   328 | D:5      | 328 ||| DROPPING scroll of fear.
   343 | D:4      | 343 ||| Stepping ~*~*~tactically~*~*~ (stealth).
   369 | D:4      | 369 ||| Stepping ~*~*~tactically~*~*~ (stealth).
   372 | D:4      | Noticed a necrophage
   387 | D:4      | HP: 6/28 [necrophage (2)]
   388 | D:4      | Reached XP level 5. HP: 7/32 MP: 5/5
   392 | D:4      | HP: 2/32 [necrophage (4)]
   393 | D:4      | Slain by a necrophage

Levels and vault maps discovered:
D:4:      layout_basic, cheibriados_altar_1
D:5:      layout_basic, nicolae_ru_path_of_blood, kennysheep_vampire_church,
          gammafunk_ghost_cemetery

Skill      XL: |  1 |
---------------+----+-----
Axes           | 4 |  4.6
Fighting       | |  3.2
Dodging        | |  1.5
Stealth        | |  5.4

Action                   |  1- 3 |  4- 6 || total
-------------------------+-------+-------++-------
Melee: Hand axe          |    16 |    28 ||    44
Throw: Boomerang         |       |     8 ||     8
Armor: Leather armour    |     2 |    14 ||    16
Dodge: Dodged            |    12 |    21 ||    33

Table legend:
 A = Non-vault XP
 B = Vault XP
 C = Vault XP percentage of total XP
 D = Non-vault monster count
 E = Vault monster count
 F = Vault count percentage of total count
                 A         B        C        D         E       F
            +---------+---------+-------+---------+---------+-------
      Total |     174 |       0 |   0.0 |       7 |       0 |   0.0
            +---------+---------+-------+---------+---------+-------
        D:4 |      33 |       0 |   0.0 |       4 |       0 |   0.0
        D:5 |     141 |       0 |   0.0 |       3 |       0 |   0.0
            +---------+---------+-------+---------+---------+-------
